 Dungeon Crawl Stone Soup version 0.27.1-33-g824d729ab1 (webtiles) character file.

Game seed: 8400183166416399546

58 zeram the Caller (level 3, -3/31 HPs)
             Began as a Troll Summoner on Nov 26, 2021.
             Slain by a gnoll (5 damage)
             ... on level 2 of the Dungeon.
             The game lasted 00:02:42 (1277 turns).

zeram the Caller (Troll Summoner)                   Turns: 1277, Time: 00:02:42

Health: -3/31      AC:  4    Str: 16    XL:     3   Next: 75%
Magic:  1/3        EV: 10    Int: 12    God:
Gold:   27         SH:  0    Dex: 10    Spells: 2/4 levels left

rFire    . . .     SeeInvis .   b - +0 whip
rCold    . . .     Faith    .   (no shield)
rNeg     . . .     Spirit   .   a - +0 robe
rPois    .         Reflect  .   (helmet restricted)
rElec    .         Harm     .   (no cloak)
rCorr    .         Rampage  .   (gloves unavailable)
Will     .....                  (boots unavailable)
Stlth    +.........             (no amulet)
HPRegen  1.10/turn              (no ring)
MPRegen  0.08/turn              (no ring)

@: hasted, very quick
A: large, unfitting armour, claws 3, regeneration 1, shaggy fur 1, tough skin 1
a: no special abilities


You were on level 2 of the Dungeon.
You visited 1 branch of the dungeon, and saw 2 of its levels.

You collected 27 gold pieces.

Inventory:

Hand Weapons
 b - a +0 whip (weapon)
Armour
 a - a +0 robe (worn)
Potions
 e - a potion of curing {unknown}


   Skills:
 + Level 0.7 Maces & Flails
 + Level 2.0 Dodging
 - Level 1.0 Stealth
 - Level 1.2 Spellcasting
 + Level 3.8 Summonings


You had 2 spell levels left.
You knew the following spells:

 Your Spells              Type           Power      Damage    Failure   Level
b - Call Imp              Summ           9%         N/A       10%         2

Your spell library contained the following spells:

 Spells                   Type           Power      Damage    Failure   Level
 Summon Small Mammal      Summ           36%        N/A       6%          1
 Call Canine Familiar     Summ           9%         N/A       19%         3
 Summon Guardian Golem    Hex/Summ       5%         N/A       38%         3
 Summon Lightning Spire   Summ/Air       5%         N/A       80%         4


Dungeon Overview and Level Annotations

Branches:
Dungeon (2/15)

Altars:


Innate Abilities, Weirdness & Mutations

You are too large for most types of armour.
You have claws for hands.
Your natural rate of healing is unusually fast.
You are covered in fur. (AC +1)
You have tough skin. (AC +1)


Message History

The gnoll hits you from afar with a +0 spear.
Casting: Call Imp (safe; 10% risk of failure)
Confirm with . or Enter, or press ? or * to list all spells.
You don't have enough magic to cast this spell.
You hit the gnoll.
The gnoll is lightly wounded.
The gnoll barely misses you. The gnoll closely misses you.
The gnoll misses you.
You hit the gnoll but do no damage.
The gnoll is lightly wounded.
The gnoll hits you from afar with a +0 spear.
Your crimson imp blinks!
The gnoll hits you with a +0 flail.
You hit the gnoll.
The gnoll is lightly wounded.
The gnoll hits you with a +0 club.
The gnoll hits you from afar with a +0 spear.
The gnoll closely misses you.
Unknown command.
You barely miss the gnoll.
The gnoll is lightly wounded.
The gnoll throws a stone.
The stone closely misses you. The gnoll completely misses you.
Unknown command.
You hit the gnoll.
The gnoll is heavily wounded.
The gnoll closely misses you.
The gnoll throws a stone.
The stone hits you. The gnoll hits you with a +0 flail!
* * * LOW HITPOINT WARNING * * *
The gnoll hits you with a +0 club.
* * * LOW HITPOINT WARNING * * *
You hit the gnoll.
The gnoll is heavily wounded.
The gnoll hits you but does no damage. The gnoll hits you with a +0 flail.
* * * LOW HITPOINT WARNING * * *
The gnoll closely misses you.
Unknown command.
It was a potion of haste.
You feel yourself speed up. The gnoll closely misses you.
The gnoll hits you with a +0 flail.
You die...

..........†#####..#
###........#.## #..#
..........##..# #..####
..........###.## #.....w
..........# #..# #.#####
..........# ##.# #......
.....<5...####.###......
......gg................
.....g†@.........#......
..........#####..#......
..........!.............
.....:.....#............
...........#.####.......
.#########.#......>.....
#.#..#####..... #.#.(#
###### ..#..# #


You could see 3 gnolls and a friendly crimson imp (summoned).

Vanquished Creatures
  2 adders (D:2)
  A worm (D:2)
  A dart slug (D:2)
  4 bats
  4 endoplasms
  A giant cockroach (D:1)
  4 goblins
  3 hobgoblins (D:1)
  2 kobolds (D:1)
  2 quokkas
  6 ball pythons
  4 rats
34 creatures vanquished.

Vanquished Creatures (others)
  2 fungi (D:1)
  A plant (D:1)
3 creatures vanquished.

Grand Total: 37 creatures vanquished

Notes
Turn   | Place    | Note
-------+----------+-------------------------------------------
     0 | D:1      | zeram the Troll Summoner began the quest for the Orb.
     0 | D:1      | Reached XP level 1. HP: 16/16 MP: 1/1
    64 | D:1      | Reached skill level 3 in Summonings
   256 | D:1      | Reached XP level 2. HP: 24/24 MP: 2/2
   618 | D:1      | Found a faded altar of an unknown god.
   930 | D:2      | Reached XP level 3. HP: 31/31 MP: 3/3
   934 | D:2      | Learned a level 2 spell: Call Imp
  1276 | D:2      | HP: 1/31 [gnoll (6)]
  1277 | D:2      | Slain by a gnoll

Illustrated notes

Levels and vault maps discovered:
D:1:      matt_arrival_spirals, layout_loops_ring,
          dreamdust_ecumenical_altar_grove
D:2:      layout_basic, minmay_snake_closets

Skill      XL: |  1  2  3 |
---------------+----------+-----
Summonings     | 3 |  3.8
Dodging        | 2 |  2.0
Maces & Flails | |  0.7
Stealth        | |  1.0
Spellcasting   | |  1.2

Action                   || total
-------------------------++-------
Melee: Unarmed           ||    17
       Whip              ||   130
 Cast: Call Imp          ||     3
  Use: Scroll            ||     3
       Potion            ||     2
 Stab: Sleeping          ||     4
Armor: Robe              ||    57
Dodge: Dodged            ||    87
